 Dungeon Sprint DCSS version 0.30-a0-50-gb2d611f6b1 (webtiles) character file.

Game seed: 6670634783715489175

1407 lesbiats the Nimble (level 8, -5/87 HPs)
             Began as a Troll Gladiator on Sept 4, 2022.
             Was an Initiate of Jiyva.
             Shot with an arrow by a centaur warrior (25 damage)
             ... in the Dungeon (Sprint IX: "|||||||||||||||||||||||||||||").
             The game lasted 00:05:15 (655 turns).

lesbiats the Nimble (Troll Gladiator)                Turns: 655, Time: 00:05:16

Health: -5/87      AC:  5    Str: 28    XL:     8   Next: 42%
Magic:  7/7        EV: 13    Int:  4    God:    Jiyva [......]
Gold:   0          SH:  0    Dex: 11    Spells: 7/7 levels left

rFire   . . .      SeeInvis .    d - +0 giant spiked club
rCold   . . .      Faith    .    (shield currently unavailable)
rNeg    . . .      Spirit   .    a - +0 robe
rPois   .          Reflect  .    b - +0 hat
rElec   .          Harm     .    p - +0 cloak
rCorr   .          Rampage  .    (gloves unavailable)
Will    .....      NoTele   +    (boots unavailable)
Stlth   +.........               (no amulet)
HPRegen 1.04/turn                o - +3 ring of strength
MPRegen 0.10/turn                (no ring)

@: invisible
A: large, unfitting armour, claws 3, regeneration 1, shaggy fur 1, tough skin 1
a: Renounce Religion


You were in the Dungeon.
You worshipped Jiyva.
Jiyva was noncommittal.
You visited 1 branch

Inventory:

Hand Weapons
 d - a +0 giant spiked club (weapon)
 m - a +2 dire flail of protection
Missiles
 c - 2 throwing nets (quivered)
 g - a large rock
Armour
 a - a +0 robe (worn)
 b - a +0 hat (worn)
 p - a +0 cloak (worn)
Jewellery
 n - a +3 ring of intelligence
 o - a +3 ring of strength (left claw)
Wands
 l - a wand of acid (4)
Scrolls
 j - 2 scrolls of blinking
 k - 2 scrolls of amnesia
Potions
 f - 2 potions of heal wounds
 h - 4 potions of magic
 i - 3 potions of curing


   Skills:
 + Level 7.1 Fighting
 * Level 9.8 Maces & Flails
 - Level 1.7 Throwing
 + Level 11.2 Dodging
 - Level 0.8 Stealth
 - Level 3.0 Unarmed Combat
 - Level 1.2 Evocations


You had 7 spell levels left.
You didn't know any spells.
Your spell library was empty.

Dungeon Overview and Level Annotations

Branches:
Dungeon (1/1)

Altars:
Cheibriados
Dithmenos
Elyvilon
Fedhas
Gozag
Hepliaklqana
Kikubaaqudgha
Makhleb
Nemelex Xobeh
Okawaru
Qazlal
Ru
Sif Muna
Trog
Uskayaw
Vehumet
Wu Jian
Xom
Yredelemnul
Zin
The Shining One
Jiyva
Lugonu


Innate Abilities, Weirdness & Mutations

You are too large for most types of armour.
You have claws for hands.
Your natural rate of healing is unusually fast.
You are covered in fur. (AC +1)
You have tough skin. (AC +1)


Message History

You bludgeon the troll!!
The troll is severely wounded.
The troll bites you! The troll barely misses you.
The troll claws you but does no damage.
You barely miss the troll.
The troll is severely wounded.
The troll bites you. The troll claws you. The troll barely misses you.
The kobold demonologist gestures wildly while chanting.
You sock the troll!
You kill the troll!
The centaur warrior wields a +0 longbow.
The centaur warrior shoots an arrow.
The arrow hits you!!
* * * LOW HITPOINT WARNING * * *
The kobold demonologist casts a spell.
The deep elf pyromancer mumbles some strange words.
The deep elf pyromancer blinks!
The kobold demonologist casts a spell.
Your Fighting skill increases to level 7!
You feel better.
The kobold demonologist looks braver for a moment.
The deep elf pyromancer mumbles some strange words.
The deep elf pyromancer blinks!
The kobold demonologist looks braver for a moment.
You fade into invisibility!
The centaur warrior shoots an arrow.
The arrow hits you!
* * * LOW HITPOINT WARNING * * *
The deep elf pyromancer gestures wildly while chanting.
The deep elf pyromancer blinks!
The centaur warrior shoots an arrow.
The arrow hits you!
* * * LOW HITPOINT WARNING * * *
The centaur warrior shoots an arrow.
The arrow closely misses you.
You feel much better.
The centaur warrior shoots an arrow.
The arrow barely misses you.
The centaur warrior shoots an arrow.
The arrow hits you!
* * * LOW HITPOINT WARNING * * *
The centaur warrior shoots an arrow.
The arrow misses you.
You see here a yak skeleton.
Items here: )) [ ÷÷÷.
The centaur warrior shoots an arrow.
The arrow hits you!!
You die...

▓)▓
▓.▓
▓[▓
▓.▓
▓[▓
▓.▓
▓.▓
▓'▓
▓@▓
▓)▓
▓÷▓
▓.▓
▓c▓
▓.▓
▓5▓
▓K▓
▓K▓


You could see a centaur warrior (unable to see you), a kobold demonologist
(unable to see you) and a white imp (summoned, unable to see you).

Vanquished Creatures
  A two-headed ogre (D)
  A troll (D)
  A yak (D)
  An acid dragon (D)
  2 centaurs (D)
  A scorpion (D)
  A howler monkey (D)
  2 hounds (D)
  An orc wizard (D)
  An orc (D)
  A giant cockroach (D)
  A goblin (D)
  2 hobgoblins (D)
  A frilled lizard (D)
17 creatures vanquished.

Vanquished Creatures (others)
  A vault sentinel (D)
  2 slime creatures (D)
  2 jellies (D)
5 creatures vanquished.

Grand Total: 22 creatures vanquished

Notes
Turn   | Place    | Note
-------+----------+-------------------------------------------
     0 | D        | lesbiats the Troll Gladiator began the quest for the Orb.
     0 | D        | Reached XP level 1. HP: 19/19 MP: 0/0
    11 | D        | Reached skill level 3 in Dodging
   124 | D        | Noticed a scorpion
   124 | D        | Noticed a hound
   124 | D        | Noticed a howler monkey
   124 | D        | Noticed a hound
   128 | D        | Killed a scorpion
   129 | D        | Reached skill level 6 in Dodging
   129 | D        | Reached XP level 2. HP: 17/31 MP: 1/1
   129 | D        | Reached XP level 3. HP: 20/37 MP: 2/2
   134 | D        | Reached XP level 4. HP: 29/48 MP: 3/3
   138 | D        | Reached skill level 7 in Dodging
   144 | D        | Reached skill level 8 in Dodging
   144 | D        | Reached XP level 5. HP: 42/55 MP: 4/4
   200 | D        | Found a snail-covered altar of Cheibriados.
   200 | D        | Found a shadowy altar of Dithmenos.
   200 | D        | Found a white marble altar of Elyvilon.
   200 | D        | Found a blossoming altar of Fedhas.
   200 | D        | Found an opulent altar of Gozag.
   201 | D        | Found a hazy altar of Hepliaklqana.
   202 | D        | Found a viscous altar of Jiyva.
   203 | D        | Found an ancient bone altar of Kikubaaqudgha.
   204 | D        | Found a corrupted altar of Lugonu.
   205 | D        | Found a burning altar of Makhleb.
   206 | D        | Found a sparkling altar of Nemelex Xobeh.
   207 | D        | Found an iron altar of Okawaru.
   208 | D        | Found a stormy altar of Qazlal.
   209 | D        | Found a sacrificial altar of Ru.
   210 | D        | Became a worshipper of Jiyva Japluapo the Shapeless
   211 | D        | Found a shimmering blue altar of Sif Muna.
   212 | D        | Found a bloodstained altar of Trog.
   213 | D        | Found a hide-covered altar of Uskayaw.
   214 | D        | Found a radiant altar of Vehumet.
   215 | D        | Found an ornate altar of the Wu Jian Council.
   216 | D        | Found a shimmering altar of Xom.
   217 | D        | Found a basalt altar of Yredelemnul.
   218 | D        | Found a glowing silver altar of Zin.
   218 | D        | Killed a slime creature
   219 | D        | Found a glowing golden altar of the Shining One.
   219 | D        | Killed a vault sentinel
   223 | D        | Killed a slime creature
   257 | D        | Noticed a centaur
   257 | D        | Noticed a centaur
   257 | D        | Noticed an acid dragon
   257 | D        | Noticed a yak
   257 | D        | Noticed a two-headed ogre
   260 | D        | Killed a centaur
   261 | D        | Reached skill level 5 in Fighting
   261 | D        | Reached skill level 9 in Dodging
   275 | D        | Killed a centaur
   276 | D        | Reached XP level 6. HP: 57/66 MP: 5/5
   281 | D        | Killed an acid dragon
   282 | D        | Reached skill level 5 in Maces & Flails
   283 | D        | Reached skill level 10 in Dodging
   293 | D        | Killed a yak
   294 | D        | Reached XP level 7. HP: 57/75 MP: 6/6
   370 | D        | Killed a two-headed ogre
   371 | D        | Reached skill level 11 in Dodging
   371 | D        | Reached skill level 1 in Evocations
   371 | D        | Reached XP level 8. HP: 69/84 MP: 7/7
   641 | D        | Noticed a troll
   641 | D        | Noticed a centaur warrior
   641 | D        | Noticed a kobold demonologist
   641 | D        | Noticed a kobold demonologist
   641 | D        | Noticed a troll
   641 | D        | Noticed a deep elf pyromancer
   647 | D        | Killed a troll
   655 | D        | Shot with an arrow by a centaur warrior

Illustrated notes

Levels and vault maps discovered:
D:        linesprint [early_d, line_temple, items_1, d_10, items_2, lair_1,
          lair_end, items_3, orc_1, orc_end, items_4, d_15, swamp_1, shoals_1,
          snake_1, spider_1, d_20, vaults_1, items_5, swamp_end, shoals_end,
          snake_end, spider_end, vaults_end, d_27, items_6, zot_1, zot_end,
          crypt_end, forest_end, elf_end, slime_end, tomb_end, abyss_end,
          pan_hell_end]

Skill      XL: |  1  2  3  4  5  6  7  8 |
---------------+-------------------------+-----
Dodging        | 6 8 9 10 11 | 11.2
Fighting       | 3 4 5 6 7 |  7.1
Maces & Flails | 3 6 9 |  9.8
Evocations     | 1 |  1.2
Throwing       | |  1.7
Stealth        | |  0.8
Unarmed Combat | |  3.0

Action                   |  1- 3 |  4- 6 |  7- 9 || total
-------------------------+-------+-------+-------++-------
Melee: Unarmed           |    22 |     8 |       ||    30
       Dire flail        |       |    33 |     2 ||    35
       Giant spiked club |       |       |     6 ||     6
Throw: Large rock        |       |       |     1 ||     1
       Throwing net      |       |       |     1 ||     1
Evoke: Wand              |       |       |     6 ||     6
  Use: Potion            |     1 |     1 |     4 ||     6
Armor: Robe              |     5 |    23 |     3 ||    31
Dodge: Dodged            |     8 |    42 |    11 ||    61

Table legend: (Time is in decaauts)
 A = Elapsed time spent in this place.
 B = Non-inter-level travel time spent in this place.
 C = Inter-level travel time spent in this place.
 D = Time resting spent in this place.
 E = Time spent auto-exploring this place.
 F = Levels seen in this place.
 G = Mean time per level.
                   A        B        C        D        E       F      G
               +--------+--------+--------+--------+--------+-----+--------+
         Total |    651 |    651 |      0 |    374 |     49 |   1 |  651.0 |
       Dungeon |    651 |    651 |      0 |    374 |     49 |   1 |  651.0 |
               +--------+--------+--------+--------+--------+-----+--------+

Top non-repeatable levels by time:
       D: 651 daAuts
